 Dungeon Crawl Stone Soup version 0.20-a0-1124-g2e29d97 (webtiles) character file.

20367 Lochraine the Protected (level 12, -2/115 HPs)
             Began as a Deep Dwarf Necromancer on May 16, 2017.
             Was an Elder of Makhleb.
             Slain by a spiny frog (9 damage)
             ... on level 3 of the Lair of Beasts.
             The game lasted 01:00:23 (16672 turns).

Lochraine the Protected (Deep Dwarf Necromancer)   Turns: 16672, Time: 01:00:24

Health: -2/115     AC: 23    Str: 16    XL:     12   Next: 44%
Magic:  18/18      EV:  7    Int: 17    God:    Makhleb [****..]
Gold:   329        SH:  5    Dex: 13    Spells: 6/16 levels left

rFire    . . .     SeeInvis .   o - +2 hand axe (vamp) {!w}
rCold    + . .     Gourm    .   j - +0 buckler
rNeg     . . .     Faith    .   c - +0 plate armour
rPois    .         Spirit   .   B - +1 helmet
rElec    .         Reflect  .   x - +0 cloak
rCorr    .         Harm     .   z - +0 pair of gloves
MR       ++...                  h - +2 pair of boots
Stlth    ..........             (no amulet)
Regen    0.0/turn               y - ring of protection from cold
MPRegen  0.2/turn               (no ring)

@: non-regenerating
A: damage resistance, heal wounds, high mp 1, magic resistance 1, sense
surroundings 2, no regeneration
a: Heal Wounds, Minor Destruction, Lesser Servant of Makhleb, Major Destruction,
Renounce Religion


You were on level 3 of the Lair of Beasts.
You worshipped Makhleb.
Makhleb was greatly pleased with you.
You were hungry.

You visited 3 branches of the dungeon, and saw 16 of its levels.
You visited the Abyss 1 time.

You collected 711 gold pieces.
You spent 382 gold pieces at shops.

Inventory:

Hand Weapons
 n - a +0 flail of protection
   (You took it off an orc on level 3 of the Dungeon)
 o - a +2 vampiric hand axe (weapon) {!w}
   (You took it off an orc on level 9 of the Dungeon)
 p - a +2 dagger of venom
   (You took it off a goblin on level 1 of the Dungeon)
 F - a +0 hand crossbow
   (You found it on level 10 of the Dungeon)
 I - a -2 executioner's axe
   (You found it on level 5 of the Dungeon)
 L - a +0 hand axe of chopping
   (You took it off an orc priest on level 7 of the Dungeon)
 M - the +6 short sword "Pakoraung" {antimagic, *Slow rN+++ Str+3 Int+9}
   (You found it on level 1 of the Lair of Beasts)

   It reduces the magical energy of the wielder, and disrupts the spells and
   magical abilities of those hit.
   Natural abilities and divine invocations are not affected.
   It affects your strength (+3).
   It affects your intelligence (+9).
   It renders you almost immune to negative energy.
   It may slow you when you take damage.
Missiles
 u - a throwing net (quivered) {!f}
Armour
 c - a +0 plate armour (worn)
   (You found it on level 3 of the Dungeon)
 h - a +2 pair of boots (worn)
   (You found it on level 7 of the Dungeon)
 j - a +0 buckler (worn)
   (You found it on level 1 of the Dungeon)
 x - a +0 cloak (worn)
   (You found it on level 3 of the Dungeon)
 z - a +0 pair of gloves (worn)
   (You found it on level 10 of the Dungeon)
 B - a +1 helmet (worn)
   (You found it on level 4 of the Dungeon)
 E - a +2 leather armour of fire resistance
   (You took it off Ijyb on level 5 of the Dungeon)
 J - a +0 ring mail of magic resistance
   (You found it on level 6 of the Dungeon)
Jewellery
 y - a ring of protection from cold (left hand)
   (You found it on level 3 of the Dungeon)
Wands
 d - a wand of iceblast (9/15)
   (You took it off an orc on level 11 of the Dungeon)
 f - a wand of lightning (0/15)
   (You found it on level 2 of the Dungeon)
 m - a wand of polymorph (0/24)
   (You took it off Eustachio on level 5 of the Dungeon)
 t - a wand of flame (33/48)
   (You took it off a big kobold on level 9 of the Dungeon)
 v - a wand of digging (13/24)
   (You found it on level 9 of the Dungeon)
 K - a wand of random effects (36/48)
   (You found it on level 10 of the Dungeon)
 S - a wand of scattershot (0/9)
   (You bought it in a shop on level 9 of the Dungeon)
Scrolls
 e - 6 scrolls of remove curse {@r2}
 l - 3 scrolls of blinking
 D - 2 scrolls of magic mapping
 T - 2 scrolls of teleportation {@r4}
 U - 2 scrolls of identify {@r1}
Potions
 a - 2 potions of brilliance
 b - 2 potions of haste {unknown}
 k - 3 potions of curing {@q1}
 r - a potion of lignification {!q}
 s - 3 potions of ambrosia
 w - 2 potions of degeneration {!q}
 A - 5 potions of flight
 C - 2 potions of resistance
 G - 3 potions of mutation {!q}
 N - a potion of magic {unknown}
 Q - a potion of berserk rage {unknown}
Miscellaneous
 P - a box of beasts
Comestibles
 g - 30 fruits
 q - 6 bread rations
 H - 4 meat rations
 O - 9 royal jellies


   Skills:
 + Level 9.4 Fighting
 * Level 10.3 Axes
 + Level 10.8 Armour
 - Level 3.6 Dodging
 - Level 2.4 Stealth
 - Level 5.0 Shields
 - Level 2.6 Spellcasting
 - Level 5.7 Necromancy
 + Level 9.2 Invocations
 - Level 9.1 Evocations


You had 6 spell levels left.
You knew the following spells:

 Your Spells              Type           Power        Failure   Level  Hunger
a - Pain                  Necr           ###.         43%         1    #......
b - Control Undead        Necr           ###.......   99%         4    #####..
c - Apportation           Tloc           #.....       99%         1    #......
q - Vampiric Draining     Necr           ###.......   82%         3    ###....
z - Animate Skeleton      Necr           N/A          43%         1    #......


Dungeon Overview and Level Annotations

Branches:
Dungeon (11/15)            Temple (1/1) D:4            Lair (4/6) D:11
 Spider (0/4) Lair:3
  Swamp: Lair:2-4    Shoals: Lair:2-4       Orc: D:9-12

Altars:
Ashenzari
Cheibriados
Dithmenos
Elyvilon
Fedhas
Gozag
Hepliaklqana
Kikubaaqudgha
Makhleb
Nemelex Xobeh
Okawaru
Qazlal
Ru
Sif Muna
Trog
Uskayaw
Vehumet
Wu Jian
Xom
Yredelemnul
Zin
The Shining One

Shops:
D:5 [   D:8 !   D:9 }

Annotations:
D:5 Sigmund
D:9 no0bjke's ghost, novice GrFi
Lair:1 exclusion: oklob plant


Innate Abilities, Weirdness & Mutations

You are resistant to damage.
You can heal yourself by infusing magical energy.
You passively map the area around you.
You do not regenerate.
You have an increased reservoir of magic. (+10% MP)
You are resistant to hostile enchantments. (MR+)


Message History

Attack!
Your neqoxec hits the spiny frog! The spiny frog stings your neqoxec!
Your neqoxec dies!
You closely miss the spiny frog. You closely miss the spiny frog.
The spiny frog completely misses you.
You hit the spiny frog. The spiny frog stings you.
You are poisoned.
The spiny frog poisons you!
You hit the spiny frog. The spiny frog stings you!
* * * LOW HITPOINT WARNING * * *
Unknown command.
You hit the spiny frog. You block the spiny frog's attack.
You hit the spiny frog but do no damage.
The spiny frog stings you.
You feel much better.
The spiny frog stings you but does no damage.
You hit the spiny frog. You block the spiny frog's attack.
The blink frog blinks!
You hit the spiny frog. The spiny frog stings you!
* * * LOW HITPOINT WARNING * * *
You barely miss the spiny frog. You block the spiny frog's attack.
You closely miss the spiny frog.
The spiny frog stings you but does no damage.
You hit the spiny frog but do no damage.
The spiny frog stings you!
* * * LOW HITPOINT WARNING * * *
You hit the spiny frog. The spiny frog stings you!
* * * LOW HITPOINT WARNING * * *
You are more poisoned.
The spiny frog poisons you!
Your plate armour prevents you from hitting the spiny frog.
You feel sick. The spiny frog closely misses you.
The blink frog blinks!
You hit the spiny frog but do no damage.
You feel sick. The spiny frog barely misses you.
You hit the spiny frog.
You feel sick. The spiny frog stings you!
* * * LOW HITPOINT WARNING * * *
You are lethally poisoned!
The spiny frog poisons you!
Unknown command.
Unknown command.
You feel better. You block the spiny frog's attack.
You fail to use your ability.
You are feeling hungry.
The spiny frog stings you!
* * * LOW HITPOINT WARNING * * *
You closely miss the spiny frog.
The spiny frog stings you but does no damage.
You hit the spiny frog. The spiny frog stings you!
You die...

# ####....>####P.P..## #
#.#...##........P#.# #
###.......P...#.....## #
##..........P...##..## #
#.............[####..##
####..............###...##
.##................##....#
.#.................####..##
.............F..@.P# #...#
PP..............F.P# ##>.##
##.................### #...##
#...............#.#P####...#
#...................#.#....##
##..........................##
#............P..............##
#...........#######..........##
##.#........## ##.#.##P.....


You could see a spiny frog and a blink frog.

Vanquished Creatures
  A two-headed ogre (D:9)
  The ghost of no0bjke the Quickloader, a novice CeHu of Okawaru (D:8)
  Pikel (D:9)
  Psyche (D:8)
  4 spiny frogs
  A rime drake (Lair:3)
  2 komodo dragons (Lair:2)
  A kobold demonologist (D:11)
  A troll (D:9)
  A hornet (D:8)
  Grinder (D:5)
  5 blink frogs (Lair:1)
  A hippogriff (D:7)
  A wyvern (D:8)
  A basilisk (Lair:2)
  17 yaks
  Eustachio (D:5)
  A steam dragon (Lair:3)
  Edmund (D:5)
  6 water moccasins
  6 porcupines
  3 slaves (D:9)
  2 sky beasts (D:11)
  An ice beast (D:10)
  3 orc warriors
  A black bear (D:8)
  5 centaurs
  12 wolves
  2 ogres
  5 crocodiles
  22 big kobolds
  12 bullfrogs
  11 scorpions
  4 killer bees (D:11)
  A howler monkey (D:7)
  An electric eel (Lair:1)
  A centaur zombie (D:8)
  5 crimson imps
  2 bullfrog zombies
  3 jellies
  A quasit (D:9)
  7 hounds
  8 orc priests
  A bullfrog skeleton (D:8)
  2 centaur skeletons
  16 orc wizards
  An iguana (D:7)
  Ijyb (D:5)
  7 worker ants
  A hound zombie (D:5)
  A hound skeleton (D:6)
  A mummy (D:5)
  A worker ant zombie (D:7)
  Robin (D:4)
  3 gnolls (D:2)
  18 adders
  4 shadow imps (D:9)
  An ooze (D:1)
  4 adder skeletons
  7 worms
  3 dart slugs
  4 leopard geckos
  33 orcs
  9 giant cockroaches
  18 goblins
  10 hobgoblins
  12 jackals
  17 kobolds
  4 quokkas
  A ball python (D:2)
  19 bats
  7 frilled lizards
  A kobold zombie (D:5)
  A leopard gecko zombie (D:5)
  An orc zombie (D:5)
  8 rats
  A fungus (Lair:1)
386 creatures vanquished.

Vanquished Creatures (collateral kills)
  Nergalle (D:11)
  An unseen horror (D:11)
  2 komodo dragons
  2 trolls
  A hornet (Lair:3)
  8 yaks
  A porcupine (Lair:3)
  3 orc warriors (D:11)
  2 sky beasts (D:11)
  An ogre (D:11)
  A crocodile (Lair:3)
  A scorpion (Lair:3)
  An orc priest (D:11)
  An orc wizard (D:11)
  A worker ant (Lair:3)
  A worm (Lair:3)
  3 orcs (D:11)
31 creatures vanquished.

Vanquished Creatures (others)
  14 fungi
  3 plants
17 creatures vanquished.

Grand Total: 434 creatures vanquished

Notes
Turn   | Place    | Note
-------+----------+-------------------------------------------
     0 | D:1      | Lochraine the Deep Dwarf Necromancer began the quest for the Orb.
     0 | D:1      | Reached XP level 1. HP: 15/15 MP: 3/3
     2 | D:1      | Learned a level 1 spell: Animate Skeleton
   367 | D:1      | Reached XP level 2. HP: 22/22 MP: 2/4
   734 | D:1      | Reached skill level 1 in Shields
   899 | D:1      | Reached XP level 3. HP: 26/28 MP: 6/6
   904 | D:1      | Learned a level 3 spell: Vampiric Draining
   968 | D:1      | Reached skill level 5 in Necromancy
  1666 | D:2      | Reached XP level 4. HP: 17/36 MP: 3/7
  2966 | D:2      | Found a glowing golden altar of the Shining One.
  3038 | D:2      | Reached XP level 5. HP: 28/42 MP: 2/8
  4151 | D:3      | Reached skill level 1 in Fighting
  4151 | D:3      | Reached skill level 1 in Armour
  4151 | D:3      | Reached XP level 6. HP: 14/51 MP: 9/9
  4752 | D:4      | Noticed Robin
  4987 | D:4      | Killed Robin
  5311 | D:4      | Reached skill level 5 in Shields
  5435 | D:4      | Found a staircase to the Ecumenical Temple.
  5538 | D:4      | Reached XP level 7. HP: 51/61 MP: 0/10
  5543 | D:4      | Reached skill level 1 in Evocations
  5735 | D:5      | Entered Level 5 of the Dungeon
  5740 | D:5      | Noticed Grinder
  5744 | D:5      | Killed Grinder
  5755 | D:5      | Noticed Eustachio
  5983 | D:5      | Found Zopunwu's Armour Shoppe.
  5987 | D:5      | Noticed Edmund
  5997 | D:5      | Noticed Ijyb
  6011 | D:5      | Killed Ijyb
  6011 | D:5      | Reached XP level 8. HP: 46/72 MP: 1/11
  6130 | D:5      | Killed Edmund
  6417 | Temple   | Entered the Ecumenical Temple
  6526 | Temple   | Became a worshipper of Makhleb the Destroyer
  6799 | D:5      | Killed Eustachio
  6859 | D:5      | Reached skill level 5 in Evocations
  6960 | D:5      | Reached skill level 5 in Armour
  7151 | D:5      | Noticed Sigmund
  7323 | D:5      | Reached skill level 5 in Fighting
  7653 | D:6      | Reached * piety under Makhleb
  7740 | D:6      | Found a stormy altar of Qazlal.
  7981 | D:6      | Reached skill level 1 in Axes
  7993 | D:6      | Gained mutation: You passively map the area around you. [Deep Dwarf growth]
  7993 | D:6      | Reached XP level 9. HP: 25/81 MP: 14/14
  9232 | D:7      | Found a blossoming altar of Fedhas.
  9627 | D:8      | Found an iron altar of Okawaru.
  9822 | D:8      | Noticed no0bjke's ghost (novice CeHu)
  9837 | D:8      | Noticed a two-headed ogre
 10073 | D:7      | Reached ** piety under Makhleb
 10182 | D:8      | Learned a level 1 spell: Apportation
 10330 | D:8      | Reached XP level 10. HP: 58/92 MP: 2/15
 10422 | D:8      | Killed no0bjke's ghost
 10422 | D:8      | Reached skill level 5 in Axes
 10424 | D:8      | Noticed Psyche
 10586 | D:8      | Found Nebiwnam's Distillery.
 10594 | D:8      | Bought a potion of lignification for 39 gold pieces
 10594 | D:8      | Bought a potion of might for 52 gold pieces
 10594 | D:8      | Bought a potion of curing for 39 gold pieces
 10745 | D:8      | Cast into level 1 of the Abyss (Psyche)
 10765 | Abyss:1  | Gained mutation: Your magical capacity is low. (-10% MP) [potion of mutation]
 10765 | Abyss:1  | Lost mutation: Your magical capacity is low. (-10% MP) [potion of mutation]
 10765 | Abyss:1  | Gained mutation: You are resistant to hostile enchantments. (MR+) [potion of mutation]
 10765 | Abyss:1  | Gained mutation: You have an increased reservoir of magic. (+10% MP) [potion of mutation]
 10789 | Abyss:1  | Noticed a large abomination
 10833 | D:8      | Escaped the Abyss
 10879 | D:9      | Found Heraa's Gadget Boutique.
 10903 | D:8      | Learned a level 4 spell: Control Undead
 11056 | D:9      | Reached skill level 1 in Invocations
 11100 | D:9      | Noticed no0bjke's ghost (novice GrFi)
 11186 | D:9      | Bought a wand of scattershot (3/9) for 252 gold pieces
 11430 | D:9      | Noticed Pikel
 11491 | D:9      | Killed Pikel
 11520 | D:9      | Found a snail-covered altar of Cheibriados.
 11520 | D:9      | Noticed a two-headed ogre
 11545 | D:9      | Killed a two-headed ogre
 11595 | D:8      | Killed Psyche
 11841 | D:10     | Entered Level 10 of the Dungeon
 12425 | D:10     | Reached *** piety under Makhleb
 12871 | D:11     | Reached XP level 11. HP: 49/103 MP: 17/17
 12902 | D:11     | Reached skill level 5 in Invocations
 13070 | D:11     | Found a staircase to the Lair.
 13084 | D:11     | Noticed Nergalle
 13103 | D:11     | Killed Nergalle
 13438 | D:11     | Killed an unseen horror
 13582 | D:11     | Reached **** piety under Makhleb
 13748 | Lair:1   | Entered Level 1 of the Lair of Beasts
 13794 | Lair:1   | Identified the Handbook of Ice and Air
 14302 | Lair:1   | Reached skill level 10 in Armour
 14345 | Lair:1   | Got an ichor-stained short sword
 14346 | Lair:1   | Identified the +6 short sword "Pakoraung" {antimagic, *Slow rN+++ Str+3 Int+9} (You found it on level 1 of the Lair of Beasts)
 14384 | Lair:1   | Noticed an oklob plant
 14986 | Lair:2   | Found an opulent altar of Gozag.
 15049 | Lair:2   | Reached XP level 12. HP: 114/114 MP: 18/18
 16169 | Lair:3   | Found a hole to the Spider Nest.
 16183 | Lair:3   | Reached skill level 10 in Axes
 16502 | Lair:3   | Reached ***** piety under Makhleb
 16672 | Lair:3   | Slain by a spiny frog

Vault maps used:
D:1:      minmay_arrival_solitary_statue, minmay_tetromino_t4
D:2:      nicolae_overflow_hidden_temple, first_bread, hangedman_feature_mirror
D:4:      minmay_temple_entry_from_below_a, uniq_robin
D:5:      old_forge, nicolae_ossuary_entry_giza, serial_shops,
          nicolae_shop_stone, uniq_sigmund, uniq_ijyb, uniq_eustachio,
          uniq_edmund, uniq_grinder
D:6:      nicolae_qazlal_general_emergency
D:7:      fedhas_altar_1
D:8:      overflow_temple_1_default, serial_shops, shop_fountains, uniq_psyche
D:9:      cheibriados_altar_1, serial_shops,
          nicolae_shop_competitors_out_of_business, blue_anna_alchemist,
          uniq_pikel
D:11:     lair_entry_dummy, uniq_nergalle
Temple:   dpeg_five_rooms_temple
Lair:1:   infiniplex_staircase_pool, serial_bayou_shore_b,
          minmay_lair_oklob_chamber
Lair:2:   basic_altar
Lair:3:   nicolae_spider_entry_non_spiders
Lair:4:   regret_index_tunnel_blossom, shoals_dummy_entry,
          grunt_forest_small_clearings

Skill      XL: |  1  2  3  4  5  6  7  8  9 10 11 12 |
---------------+-------------------------------------+-----
Spellcasting   | 2 |  2.6
Shields        | 1 2 3 5 |  5.0
Necromancy     | 5 |  5.7
Fighting       | 1 2 3 5 6 7 9 |  9.4
Armour         | 1 2 4 5 7 8 10 | 10.8
Evocations     | 3 6 8 9 |  9.1
Axes           | 1 4 6 8 10 | 10.3
Dodging        | 3 |  3.6
Invocations    | 4 8 9 |  9.2
Stealth        | |  2.4

Action                   |  1- 3 |  4- 6 |  7- 9 | 10-12 || total
-------------------------+-------+-------+-------+-------++-------
Melee: Spear             |    44 |       |       |       ||    44
       Dagger            |    52 |    69 |    38 |       ||   159
       Flail             |       |    71 |   318 |       ||   389
       Hand axe          |       |       |   155 |  1509 ||  1664
Throw: Throwing net      |       |       |       |     1 ||     1
 Cast: Pain              |    45 |    14 |     3 |     4 ||    66
       Animate Skeleton  |     2 |     2 |       |       ||     4
       Vampiric Draining |       |    36 |    37 |     9 ||    82
Invok: Minor Destruction |       |       |       |    12 ||    12
       Lesser Servant of |       |       |       |     7 ||     7
 Abil: Heal Wounds       |       |       |     2 |     9 ||    11
Evoke: Wand              |       |     5 |    36 |    11 ||    52
       Box of beasts     |       |       |       |     1 ||     1
  Use: Scroll            |     1 |     6 |     5 |    14 ||    26
       Potion            |       |     1 |     4 |     9 ||    14
 Stab: Distracted        |     1 |       |       |     2 ||     3
       Sleeping          |       |     6 |     1 |       ||     7
       Invisible         |       |       |       |     3 ||     3
  Eat: Chunk             |     3 |    16 |    21 |    20 ||    60
       Bread ration      |       |       |       |     2 ||     2
Armor: Robe              |    32 |    19 |    24 |       ||    75
       Chain mail        |       |    28 |       |       ||    28
       Plate armour      |       |     7 |   276 |  1271 ||  1554
       Leather armour    |       |       |    82 |    38 ||   120
       Skin              |       |       |       |    10 ||    10
Dodge: Dodged            |    55 |    58 |   254 |   464 ||   831
Block: Buckler           |    13 |    26 |   157 |   415 ||   611
